 Seeded DCSS version 0.29-a0-520-gc852659d43 (webtiles) character file.

Game seed: 9552341793505258686 (custom seed)

525 zeratav the Digger (level 7, -5/41 HPs)
             Began as an Octopode Earth Elementalist on May 31, 2022.
             Slain by a howler monkey (8 damage)
             ... on level 5 of the Dungeon.
             The game lasted 00:03:32 (4259 turns).

zeratav the Digger (Octopode Earth Elementalist)    Turns: 4259, Time: 00:03:32

Health: -5/41      AC:  1    Str:  7    XL:     7   Next: 23%
Magic:  3/13       EV: 13    Int: 19    God:
Gold:   288        SH:  5    Dex: 13    Spells: 10/14 levels left

rFire   . . .      SeeInvis .   k - +2 dagger (protect) {short}
rCold   . . .      Faith    .   (no shield)
rNeg    . . .      Spirit   .   (helmet restricted)
rPois   .          Reflect  +   t - amulet of reflection
rElec   .          Harm     .   q - ring of wizardry
rCorr   .          Rampage  .   r - ring of willpower
Will    +....                   (no ring)
Stlth   +++.......              (no ring)
HPRegen 0.13/turn               (no ring)
MPRegen 0.13/turn               (no ring)
                                (no ring)
                                (no ring)

@: no status effects
A: almost no armour, amphibious, 8 rings, camouflage 1, gelatinous body 1,
(nimble swimmer 1), tentacles
a: no special abilities


You were on level 5 of the Dungeon.
You visited 1 branch of the dungeon, and saw 5 of its levels.

You collected 288 gold pieces.


Innate Abilities, Weirdness & Mutations

You cannot wear most types of armour.
You are amphibious.
You can wear up to eight rings at the same time.
Your skin changes colour to match your surroundings (Stealth+).
Your rubbery body absorbs attacks. (AC +1, EV +1)
((You are camouflaged when in or above water. (Stealth+)))
You have tentacles for arms and can constrict up to eight enemies at once.


   Skills:
 - Level 2.0 Dodging
 - Level 2.6 Stealth
 + Level 4.3 Spellcasting
 - Level 1.0 Transmutations
 * Level 6.8 Earth Magic


You had 10 spell levels left.
You knew the following spells:

 Your Spells              Type           Power      Damage    Failure   Level
a - Sandblast             Erth           60%        2d14      1%          1
b - Stone Arrow           Conj/Erth      34%        3d9       4%          3

Your spell library contained the following spells:

 Spells                   Type           Power      Damage    Failure   Level
 Passwall                 Tmut/Erth      15%        N/A       1%          2
 Petrify                  Tmut/Erth      18%        N/A       11%         4
 Iskenderun's Battlesphe  Conj           4%         2d6       80%         5
 Iron Shot                Conj/Erth      8%         9d3       87%         6
 Spellforged Servitor     Conj/Summ      2%         N/A       100%        7

Inventory:

Hand Weapons
 k - a +2 dagger of protection (weapon) {short}
   (You took it off a kobold on level 2 of the Dungeon)
Missiles
 a - 96 stones {throwing}
Jewellery
 q - a ring of wizardry (left tentacle)
   (You found it on level 3 of the Dungeon)
 r - a ring of willpower (right tentacle)
   (You found it on level 4 of the Dungeon)
 t - an amulet of reflection (around mantle)
   (You found it on level 4 of the Dungeon)
Wands
 o - a wand of iceblast (7)
   (You found it on level 3 of the Dungeon)
Scrolls
 c - 2 scrolls of amnesia {unknown}
 e - 2 scrolls of teleportation {unknown}
 i - 2 scrolls of fear {unknown}
 j - 3 scrolls of fog {unknown}
 l - 3 scrolls of vulnerability {unknown}
 m - a scroll of immolation {unknown}
 n - 4 scrolls of identify {unknown}
 s - a scroll of enchant weapon {unknown}
 v - a scroll of poison {unknown}
 w - a scroll of blinking {unknown}
Potions
 b - a potion of magic
 d - 2 potions of heal wounds {unknown}
 f - 2 potions of flight {unknown}
 g - a potion of berserk rage {unknown}
 h - 3 potions of curing {@q1}
 p - 2 potions of brilliance {unknown}
 u - a potion of might {unknown}

Dungeon Overview and Level Annotations

Branches:
Dungeon (5/15)
 Temple: D:4-7

Altars:
Qazlal
Trog
Uskayaw
Vehumet
Xom
Yredelemnul
The Shining One

##### #............## ##
.....# ####.............####.
......##.................†...
..>......####h.......#..##...
.....♣............#####.#...#
......)...###.##.## #######
♣.....o..{h##..# ≈.b #
.....#...n.#h####.# ≈..≈ #
#.. #.....#@# .# ..≈≈≈≈ # #
#.....).# .# ≈###≈..#
........### .# ≈≈#.#.. #
###.....# # #...(.# #
#.....(# #.##...# #. .....
.####


You could see 2 howler monkeys and a hound.


Message History

The howler monkey hits you. Something hits you.
HP[-10] MP[+1]
You take 10 damage, and now have 23/41 hp.
MASSIVE DAMAGE!! (PAUSE)
The scorpion attacks as you move away! The scorpion stings you.
* * * LOW HITPOINT WARNING * * *
You are poisoned.
The scorpion poisons you! Something hits you.
* * * LOW HITPOINT WARNING * * *
You are lethally poisoned!
* * * LOW HITPOINT WARNING * * *
You feel very sick.
HP[-13]
You take 13 damage, and now have 10/41 hp.
MASSIVE DAMAGE!! (PAUSE)
The scorpion attacks as you move away! The scorpion misses you.
* * * LOW HITPOINT WARNING * * *
You feel very sick.
The howler monkey hoots and howls with incredible vigour!
The scorpion stings you.
* * * LOW HITPOINT WARNING * * *
You are more poisoned.
The scorpion poisons you!
You hear a howl!
You hear a bark!
You hear an angry hiss.
You hear a shout! x2
HP[-6]
You take 6 damage, and now have 4/41 hp.
It was a potion of curing.
You feel better. The scorpion stings you.
* * * LOW HITPOINT WARNING * * *
HP[+1]
Casting: Sandblast (safe; 1% risk of failure)
Confirm with . or Enter, or press ? or * to list all spells.
Aiming: Sandblast (safe; 1% risk of failure)
Press: ? - help, Shift-Dir - straight line, f - scorpion
Aim: a scorpion (81% to hit)
The blast of sand hits the scorpion but does no damage.
You block the scorpion's attack.
A howler monkey comes into view.
MP[-1]
You lost 1 mp, and now have 8/13 mp.
Casting: Sandblast (safe; 1% risk of failure)
Confirm with . or Enter, or press ? or * to list all spells.
Aiming: Sandblast (safe; 1% risk of failure)
Press: ? - help, Shift-Dir - straight line, f/p - scorpion
Aim: a scorpion (81% to hit)
The blast of sand hits the scorpion!
You block the scorpion's attack.
MP[-1]
You lost 1 mp, and now have 7/13 mp.
Casting: Sandblast (safe; 1% risk of failure)
Confirm with . or Enter, or press ? or * to list all spells.
Aiming: Sandblast (safe; 1% risk of failure)
Press: ? - help, Shift-Dir - straight line, f/p - scorpion
Aim: a scorpion (moderately wounded, 81% to hit)
The blast of sand hits the scorpion!
The scorpion closely misses you. x2
You block the orc priest's attack.
Casting: Sandblast (safe; 1% risk of failure)
Confirm with . or Enter, or press ? or * to list all spells.
Aiming: Sandblast (safe; 1% risk of failure)
Press: ? - help, Shift-Dir - straight line, f/p - scorpion
Aim: a scorpion (severely wounded, 81% to hit)
The blast of sand hits the scorpion!
You kill the scorpion!
The howler monkey hoots and howls with incredible vigour!
The orc priest closely misses you.
You hear a bark!
You hear an angry hiss.
You hear a shout! x2
MP[-1]
You lost 1 mp, and now have 6/13 mp.
Casting: Sandblast (safe; 1% risk of failure)
Confirm with . or Enter, or press ? or * to list all spells.
Aiming: Sandblast (safe; 1% risk of failure)
Press: ? - help, Shift-Dir - straight line, f - orc priest
Aim: an orc priest, wielding a +0 short sword and wearing a +0 chain mail (87% to hit)
The blast of sand hits the orc priest.
The howler monkey barely misses you.
The orc priest miscasts a cantrip.
MP[-1]
You lost 1 mp, and now have 5/13 mp.
Casting: Sandblast (safe; 1% risk of failure)
Confirm with . or Enter, or press ? or * to list all spells.
Aiming: Sandblast (safe; 1% risk of failure)
Press: ? - help, Shift-Dir - straight line, p - orc priest The blast of sand hits the orc priest!
The howler monkey closely misses you.
A hound comes into view.
The orc priest hits you with a +0 short sword.
* * * LOW HITPOINT WARNING * * *
HP[-2] MP[-1]
You take 2 damage, and now have 3/41 hp.
You lost 1 mp, and now have 4/13 mp.
Casting: Sandblast (safe; 1% risk of failure)
Confirm with . or Enter, or press ? or * to list all spells.
Aiming: Sandblast (safe; 1% risk of failure)
Press: ? - help, Shift-Dir - straight line Out of range.
Okay, then.
Casting: Sandblast (safe; 1% risk of failure)
Confirm with . or Enter, or press ? or * to list all spells.
Aiming: Sandblast (safe; 1% risk of failure)
Press: ? - help, Shift-Dir - straight line The blast of sand hits the orc priest.
You kill the orc priest!
The howler monkey hits you!
You die...

Skill      XL: |  1  2  3  4  5  6 |
---------------+-------------------+-----
Earth Magic    | 4 5 6 |  6.8
Spellcasting   | 3 4 |  4.3
Dodging        | |  2.0
Stealth        | |  2.6
Transmutations | |  1.0

Action                   |  1- 3 |  4- 6 |  7- 9 || total
-------------------------+-------+-------+-------++-------
Melee: Short sword       |    29 |       |       ||    29
       Constrict         |    12 |    17 |       ||    29
       Tentacles         |     5 |    12 |       ||    17
       Dagger            |     5 |    57 |       ||    62
       Punch             |       |     3 |       ||     3
 Cast: Sandblast         |    14 |    28 |    13 ||    55
  Use: Potion            |       |       |     1 ||     1
 Stab: Sleeping          |    10 |     3 |       ||    13
Armor: Skin              |       |    12 |     1 ||    13
Dodge: Dodged            |    18 |    39 |     8 ||    65
Block: Other             |       |     1 |     4 ||     5
       Reflection        |       |       |     1 ||     1

Levels and vault maps discovered:
D:1:      co_arrival_random_square_maze, layout_loops_ring, chequers_big_river
D:2:      layout_loops_cross, uniq_sigmund, uniq_jessica
D:3:      layout_basic, grunt_temple_overflow_open,
          ebering_ecumenical_altar_mist, chequers_serial_rivers_large_b,
          lexackson_kobold_supper
D:4:      layout_basic
D:5:      layout_rooms, mainiacjoe_overflow_alcove_1,
          nicolae_wu_jian_wuxing_cycle, serial_aquarium, aquarium_bridge_square
          [aquarium_subvault_window, aquarium_subvault_wall,
          aquarium_subvault_bridge, aquarium_subvault_wall],
          aquarium_window_fake, aquarium_window_corner, aquarium_view_2c,
          aquarium_view_2e, aquarium_pool_five, grunt_ministairs_9,
          minmay_shop_mass, minmay_misc_feat_room, kennysheep_generic_room_4,
          uniq_menkaure

Notes
Turn   | Place    | Note
-------+----------+-------------------------------------------
     0 | D:1      | zeratav the Octopode Earth Elementalist began the quest for
                  | the Orb.
     0 | D:1      | Reached XP level 1. HP: 11/11 MP: 3/3
     0 | D:1      | magus.rc [v1.9.6]
   564 | D:1      | Reached XP level 2. HP: 15/17 MP: 5/5
  1251 | D:1      | Reached XP level 3. HP: 8/21 MP: 4/6
  1901 | D:2      | Noticed Jessica
  1905 | D:2      | Killed Jessica
  1906 | D:2      | Reached skill level 4 in Earth Magic
  1906 | D:2      | Reached XP level 4. HP: 27/27 MP: 6/8
  1964 | D:2      | Noticed Sigmund
  1974 | D:2      | Killed Sigmund
  1975 | D:2      | Reached skill level 3 in Spellcasting
  1975 | D:2      | Reached skill level 5 in Earth Magic
  1975 | D:2      | Reached XP level 5. HP: 16/31 MP: 0/10
  1975 | D:2      | Reached XP level 6. HP: 19/36 MP: 0/11
  2411 | D:3      | Found a bloodstained altar of Trog.
  2412 | D:3      | Found a hide-covered altar of Uskayaw.
  2415 | D:3      | Found a glowing golden altar of the Shining One.
  2419 | D:3      | Found a stormy altar of Qazlal.
  2436 | D:3      | Found a basalt altar of Yredelemnul.
  2438 | D:3      | Found a radiant altar of Vehumet.
  2438 | D:3      | Found a shimmering altar of Xom.
  2592 | D:3      | Found a faded altar of an unknown god.
  3228 | D:3      | Learned a level 3 spell: Stone Arrow
  3512 | D:4      | Reached skill level 6 in Earth Magic
  3775 | D:4      | You pick up a book of Power and begin reading...
  3775 | D:4      | You add the spells Iskenderun's Battlesphere, Iron Shot and
                  | Spellforged Servitor to your library.
  4015 | D:5      | Entered Level 5 of the Dungeon
  4044 | D:5      | Reached skill level 4 in Spellcasting
  4182 | D:5      | Reached XP level 7. HP: 41/41 MP: 10/13
  4249 | D:5      | HP: 10/41 [poisoned by an orc wizard]
  4250 | D:5      | HP: 4/41 [scorpion (1)]
  4258 | D:5      | HP: 3/41 [orc priest/+0 short sword (3)]
  4259 | D:5      | Slain by a howler monkey

Vanquished Creatures
  Sigmund (D:2)
  A scorpion (D:5)
  An orc priest (D:5)
  2 hounds
  Jessica (D:2)
  3 iguanas
  2 orc wizards
  2 ufetubi
  5 dart slugs
  6 orcs
  4 ball pythons
  5 endoplasms
  2 giant cockroaches (D:1)
  A goblin (D:4)
  4 hobgoblins
  2 jackals (D:1)
  3 quokkas
  3 bats
  6 frilled lizards
  11 kobolds
  7 rats
72 creatures vanquished.

Vanquished Creatures (others)
  A hobgoblin (D:3)
  4 fungi (D:5)
  3 plants (D:3)
8 creatures vanquished.

Grand Total: 80 creatures vanquished

Table legend:
 A = Non-vault XP
 B = Vault XP
 C = Vault XP percentage of total XP
 D = Non-vault monster count
 E = Vault monster count
 F = Vault count percentage of total count
                 A         B        C        D         E       F
            +---------+---------+-------+---------+---------+-------
      Total |     345 |     447 |  56.4 |      60 |      13 |  17.8
            +---------+---------+-------+---------+---------+-------
        D:1 |      38 |       0 |   0.0 |      20 |       0 |   0.0
        D:2 |      15 |     268 |  94.7 |       9 |       2 |  18.2
        D:3 |      67 |      12 |  15.2 |      17 |       8 |  32.0
        D:4 |      99 |       0 |   0.0 |       9 |       0 |   0.0
        D:5 |     126 |     167 |  57.0 |       5 |       3 |  37.5
            +---------+---------+-------+---------+---------+-------

Illustrated notes

Table legend:
 A = Kills in this place as a percentage of kills in entire the game.
 B = Kills by you in this place as a percentage of kills by you in the entire game.
 C = Kills by friends in this place as a percentage of kills by friends in the entire game.
 D = Other kills in this place as a percentage of other kills in the entire game.
 E = Experience gained in this place as a percentage of experience gained in the entire game.
 F = Experience gained in this place divided by the number of levels of this place that you have seen.
                   A       B       C       D       E      F
               +-------+-------+-------+-------+-------+----------------------
         Total | 100.0 | 100.0 |   N/A | 100.0 | 100.0 | 158.4
       Dungeon | 100.0 | 100.0 |   N/A | 100.0 | 100.0 | 158.4
               +-------+-------+-------+-------+-------+----------------------

Table legend: (Time is in decaauts)
 A = Elapsed time spent in this place.
 B = Non-inter-level travel time spent in this place.
 C = Inter-level travel time spent in this place.
 D = Time resting spent in this place.
 E = Time spent auto-exploring this place.
 F = Levels seen in this place.
 G = Mean time per level.
                   A        B        C        D        E       F      G
               +--------+--------+--------+--------+--------+-----+--------+
         Total |   4258 |   4027 |    231 |      0 |   3577 |   5 |  851.6 |
       Dungeon |   4258 |   4027 |    231 |      0 |   3577 |   5 |  851.6 |
               +--------+--------+--------+--------+--------+-----+--------+

Top non-repeatable levels by time:
     D:1: 1534 daAuts
     D:3: 879 daAuts
     D:2: 865 daAuts
     D:4: 735 daAuts
     D:5: 243 daAuts
